 Dungeon Crawl Stone Soup version 0.23-a0-396-g5214e5f (webtiles) character file.

63 galech the Skirmisher (level 3, 28/29 HPs)
             Began as a Demonspawn Fighter on Nov 2, 2018.
             Quit the game on level 2 of the Dungeon.
             The game lasted 00:01:12 (1045 turns).

galech the Skirmisher (Demonspawn Fighter)          Turns: 1045, Time: 00:01:13

Health: 28/29      AC:  9    Str: 16    XL:     3   Next: 87%
Magic:  3/3        EV:  4    Int:  9    God:
Gold:   90         SH:  9    Dex: 13    Spells: 2/2 levels left

rFire    . . .     SeeInvis .   a - +0 war axe
rCold    . . .     Gourm    .   c - +0 shield
rNeg     . . .     Faith    .   h - +0 chain mail
rPois    .         Spirit   .   (helmet restricted)
rElec    .         Reflect  .   (no cloak)
rCorr    .         Harm     .   (no gloves)
MR       .....                  (no boots)
Stlth    ..........             (no amulet)
HPRegen  0.09/turn              (no ring)
MPRegen  0.08/turn              (no ring)

@: no status effects
A: antennae 1, nightstalker 1
a: no special abilities


You were on level 2 of the Dungeon.
You were not hungry.

You visited 1 branch of the dungeon, and saw 2 of its levels.

You collected 90 gold pieces.

Inventory:

Hand Weapons
 a - a +0 war axe (weapon)
Armour
 c - a +0 shield (worn)
 h - a +0 chain mail (worn)
Jewellery
 l - an uncursed ring of stealth {unknown}
Scrolls
 b - a scroll of identify {unknown}
 e - a scroll of blinking {unknown}
 g - a scroll of teleportation {unknown}
 i - 2 scrolls of magic mapping {unknown}
 j - a scroll of holy word {unknown}
 k - 2 scrolls of immolation {unknown}
 n - a scroll of noise {unknown}
 o - a scroll of fear {unknown}
Potions
 d - a potion of might
 m - a potion of resistance {unknown}
Comestibles
 f - 5 rations
 p - 7 chunks of flesh


   Skills:
 + Level 3.5 Fighting
 + Level 2.7 Axes
 + Level 3.1 Armour
 + Level 0.3 Dodging
 + Level 2.9 Shields


You had 2 spell levels left.
You didn't know any spells.
Your spell library was empty.

Dungeon Overview and Level Annotations

Branches:
Dungeon (2/15)

Altars:


Innate Abilities, Weirdness & Mutations

You have a pair of small antennae on your head.
You are slightly more attuned to the shadows.


Message History

You kill the giant cockroach!
No target in view!
No target in view!
No target in view!
No target in view!
No target in view!
No target in view!
No target in view!
No target in view!
No target in view!
No target in view!
No target in view!
No target in view!
No target in view!
No target in view!
No target in view!
Eating one of 8 chunks of flesh.
You eat one of the 8 chunks of flesh.
This raw flesh tastes terrible.
Found a leather armour.
Are you sure you want to abandon this character and quit the game? (Confirm

)........##..........
)<........##.........
))).......##.........
).).#####.###.#######
....#####.###..########
....'..............>...
....#####.####.#.......
............ #.....[...
###.........###.@......
# #.........# #.......[
###.........# #..##+###
......(####.# ####
.......# .......#
.......# .......#
.......#


There were no monsters in sight!

Vanquished Creatures
  Robin (D:2)
  A gnoll (D:1)
  A dart slug (D:1)
  A leopard gecko (D:1)
  3 bats
  3 giant cockroaches
  3 hobgoblins
  3 jackals
  2 kobolds (D:1)
  12 goblins
  5 rats
35 creatures vanquished.

Notes
Turn   | Place    | Note
-------+----------+-------------------------------------------
     0 | D:1      | galech the Demonspawn Fighter began the quest for the Orb.
     0 | D:1      | Reached XP level 1. HP: 18/18 MP: 1/1
   183 | D:1      | Gained mutation: You are slightly more attuned to the
                  | shadows. [demonic ancestry]
   183 | D:1      | Reached XP level 2. HP: 23/24 MP: 2/2
   756 | D:2      | Noticed Robin
   759 | D:2      | Gained mutation: You have a pair of small antennae on your
                  | head. [demonic ancestry]
   759 | D:2      | Reached XP level 3. HP: 29/29 MP: 3/3
   874 | D:2      | Killed Robin
  1045 | D:2      | Quit the game

Vault maps used:
D:1:      dpeg_arrival_erosion, serial_glass, glass_columns_a, glass_columns_c,
          nrook_loot_triangle, minmay_small_reverse_x
D:2:      serial_corexii_hall, chequers_hall_statues_corner_a,
          chequers_hall_statues_corner_a, uniq_robin, uniq_crazy_yiuf_cottage

Skill      XL: |  1  2 |
---------------+-------+-----
Armour         | 3 |  3.1
Axes           | 2 |  2.7
Fighting       | |  3.5
Dodging        | |  0.3
Shields        | |  2.9

Action                   || total
-------------------------++-------
Melee: War axe           ||    73
  Eat: Chunk             ||     1
Armor: Chain mail        ||    74
       Scale mail        ||     3
Dodge: Dodged            ||    27
Block: Shield            ||    61

Table legend:
 A = Non-vault XP
 B = Vault XP
 C = Vault XP percentage of total XP
 D = Non-vault monster count
 E = Vault monster count
 F = Vault count percentage of total count
                 A         B        C        D         E       F
            +---------+---------+-------+---------+---------+-------
      Total |      35 |      55 |  61.1 |      19 |      16 |  45.7
            +---------+---------+-------+---------+---------+-------
        D:1 |      25 |      23 |  47.9 |      12 |       6 |  33.3
        D:2 |      10 |      32 |  76.2 |       7 |      10 |  58.8
            +---------+---------+-------+---------+---------+-------
